 Dungeon Crawl Stone Soup version 0.29.1-4-g47bece8355 (webtiles) character file.

Game seed: 7957586262700922350

2830 styxcanada the Covert (level 9, -8/44 HPs)
             Began as a Spriggan Brigand on Dec 7, 2022.
             Was an Initiate of Gozag.
             Shot with a bolt by an orc warrior (21 damage)
             ... on level 6 of the Dungeon on Dec 8, 2022.
             The game lasted 00:36:42 (9156 turns).

styxcanada the Covert (Spriggan Brigand)            Turns: 9156, Time: 00:36:43

Health: -8/44      AC:  4    Str:  7    XL:     9   Next: 45%
Magic:  19/19      EV: 28    Int: 13    God:    Gozag
Gold:   322        SH:  0    Dex: 20    Spells: 7/8 levels left

rFire   . . .      SeeInvis +   h - +2 short sword (venom)
rCold   x . .      Faith    .   (no shield)
rNeg    . . .      Spirit   .   b - +0 robe
rPois   .          Reflect  .   (helmet restricted)
rElec   .          Harm     .   c - +1 cloak
rCorr   .          Rampage  .   (gloves unavailable)
Will    +++..                   (boots unavailable)
Stlth   +++++++...              C - amulet of regeneration
HPRegen 0.94/turn               u - +4 ring of evasion
MPRegen 0.16/turn               r - ring "Deun" {Fly rC- Will++ MP+9 Stlth+}

@: flying, very quick
A: very small, no large weapons, unfitting armour, see invisible, speed 3
a: Renounce Religion, Potion Petition, Call Merchant, Bribe Branch


You were on level 6 of the Dungeon.
You worshipped Gozag.
Gozag was aware of your devotion.
You visited 2 branches of the dungeon, and saw 7 of its levels.
You also visited: Sewer and Ossuary.

You collected 451 gold pieces.
You paid 129 gold pieces to Gozag.

Inventory:

Hand Weapons
 a - a +2 dagger
 h - a +2 short sword of venom (weapon)
 i - a +0 sling
 p - a +2 flail of protection
 v - a +1 morningstar of holy wrath
Missiles
 d - 25 poisoned darts (quivered)
 e - 3 curare-tipped darts
 k - 2 throwing nets
 o - 30 stones
 s - 4 atropa-tipped darts
Armour
 b - a +0 robe (worn)
 c - a +1 cloak (worn)
Jewellery
 r - the ring "Deun" (right hand) {Fly rC- Will++ MP+9 Stlth+}
   (You found it on level 4 of the Dungeon)

   [ring of magical power]

   rC:        It makes you vulnerable to cold.
   MP:        It affects your magic capacity (+9).
   Fly:       It grants you flight.
   Will:      It greatly increases your willpower.
   Stlth:     It makes you more stealthy.
 u - a +4 ring of evasion (left hand)
 C - an amulet of regeneration (around neck)
 D - an amulet of guardian spirit
Wands
 F - a wand of digging (3)
Scrolls
 j - 3 scrolls of fear
 q - 4 scrolls of blinking
 y - a scroll of enchant armour
 B - a scroll of magic mapping
 E - a scroll of butterflies
 H - 3 scrolls of teleportation
Potions
 f - 2 potions of haste
 g - a potion of magic
 l - 3 potions of brilliance
 m - 5 potions of curing
 n - a potion of cancellation
 t - 5 potions of heal wounds
 w - a potion of mutation {unknown}
 x - 4 potions of might {unknown}
 z - 2 potions of attraction {unknown}
 A - 2 potions of flight {unknown}
 G - a potion of berserk rage {unknown}


   Skills:
 + Level 3.6 Fighting
 + Level 5.8 Short Blades
 + Level 1.1 Maces & Flails
 + Level 2.0 Ranged Weapons
 + Level 3.7 Throwing
 * Level 8.9 Dodging
 * Level 13.4 Stealth
 * Level 0.3 Conjurations
 * Level 0.8 Evocations


You had 7 spell levels left.
You knew the following spells:

 Your Spells              Type           Power      Damage    Failure   Level
a - Shock                 Conj/Air       0%         1d3       28%         1

Your spell library contained the following spells:

 Spells                   Type           Power      Damage    Failure   Level
 Swiftness                Air            0%         N/A       67%         3
 Airstrike                Air            0%         2d(0-16)  97%         4
 Fireball                 Conj/Fire      0%         3d3       100%        5
 Iskenderun's Battlesphe  Conj           0%         2d6       100%        5
 Conjure Ball Lightning   Conj/Air       0%         3x3d6     100%        6
 Orb of Destruction       Conj           0%         9d5       100%        7


Dungeon Overview and Level Annotations

Branches:
Dungeon (6/15)             Temple (1/1) D:6           Sewer (visited)
Ossuary (visited)

Altars:
Cheibriados
Dithmenos
Elyvilon
Fedhas
Gozag
Hepliaklqana
Kikubaaqudgha
Makhleb
Okawaru
Qazlal
Sif Muna
Trog
Uskayaw
Vehumet
Wu Jian
Xom
Yredelemnul
Zin

Annotations:
D:6 3 runed translucent doors, lotum's ghost, novice GrFi


Innate Abilities, Weirdness & Mutations

You are very small and have problems with some larger weapons.
You are too small for most types of armour.
You have supernaturally acute eyesight. (SInv)
You cover ground extremely quickly. (Speed+++)


Message History

You puncture the orc priest!
The orc priest looks as sick as possible!
The orc priest is almost dead.
You kill the orc priest!
You hit the orc warrior.
The orc warrior looks even sicker.
The orc warrior is no longer distracted by gold.
The orc warrior is moderately wounded.
The orc warrior hits you with a +0 war axe!!
You barely miss the orc warrior.
The orc warrior is moderately wounded.
The orc warrior is distracted by your dazzling golden aura.
The orc closely misses you.
The orc warrior shouts!
You closely miss the orc warrior.
The orc warrior is no longer distracted by gold.
The orc warrior is moderately wounded.
The orc warrior hits you with a +0 war axe!!
* * * LOW HITPOINT WARNING * * *
The orc closely misses you.
You hit the orc.
The orc is poisoned.
The orc is lightly wounded.
The orc warrior completely misses you. The orc completely misses you.
The orc warrior unwields a +0 war axe.
The orc warrior wields a +0 arbalest.
The orc warrior shoots a bolt.
The bolt completely misses you.
You see here a scroll of poison.
Throw: 27 darts (poison)
Press: ? - help, Q - select action, (/) - cycle Shift-Dir - straight line, f - orc warrior
Aim: an orc warrior, wielding a +0 arbalest and wearing a +0 chain mail (heavily wounded, very poisoned, 61% to hit)
You throw a poisoned dart. The poisoned dart hits the orc warrior!
The orc warrior looks as sick as possible!
The orc warrior is heavily wounded.
Throw: 26 darts (poison)
Press: ? - help, Q - select action, (/) - cycle Shift-Dir - straight line, f/p - orc warrior
Aim: an orc warrior, wielding a +0 arbalest and wearing a +0 chain mail (severely wounded, extremely poisoned, 61% to hit)
You throw a poisoned dart.
The poisoned dart closely misses the orc warrior.
The poisoned dart closely misses the orc.
The orc warrior shoots a bolt.
The bolt hits you!!
You die...
Your body crumbles into a pile of gold.

#.....#....#............#
#.....####.####...###..##
#.....####.####...######
#...................#
#...................#
#...................#
#...................#
#.............o.....#
#.........@...o..(..#
#....##'##...##'#####
#....##.##...##.$..#
#.............#.....#
#.............#..!..#
#.............#.....#
#.............#.....#
#.............#.....#
#####################


You could see an orc warrior (extremely poisoned) and an orc (very poisoned).

Vanquished Creatures
  Grinder (D:5)
  Sigmund (D:5)
  Eustachio (D:5)
  Menkaure (D:5)
  A black bear (D:5)
  2 ogres
  A centaur (D:6)
  A kobold brigand (Sewer)
  A phantom (D:4)
  2 bullfrogs (D:6)
  A necrophage (D:5)
  8 scorpions
  4 centaur zombies (Ossuary)
  5 hounds
  A human zombie (Ossuary)
  3 orc priests
  3 jellies
  An iguana (D:5)
  3 orc wizards
  4 scorpion zombies (Ossuary)
  Terence (D:2)
  3 mummies (Ossuary)
  4 gnolls
  9 adders
  7 river rats (Sewer)
  2 shadow imps (D:5)
  2 white imps
  2 worms
  A dart slug (D:2)
  19 orcs
  14 ball pythons
  6 endoplasms
  3 giant cockroaches
  2 gnoll zombies (Ossuary)
  8 hobgoblins
  4 jackals
  12 kobolds
  3 quokkas
  6 bats
  6 frilled lizards
  6 goblins
  3 goblin zombies (Ossuary)
  4 hobgoblin zombies (Ossuary)
  8 rats
180 creatures vanquished.

Vanquished Creatures (others)
  4 plants (Sewer)
4 creatures vanquished.

Grand Total: 184 creatures vanquished

Notes
Turn   | Place    | Note
-------+----------+-------------------------------------------
     0 | D:1      | styxcanada the Spriggan Brigand began the quest for the
                  | Orb.
     0 | D:1      | Reached XP level 1. HP: 10/10 MP: 2/2
    66 | D:1      | Reached skill level 6 in Stealth
    66 | D:1      | Reached XP level 2. HP: 14/14 MP: 3/3
   358 | D:1      | Found a faded altar of an unknown god.
   906 | D:1      | You fall into a shaft and drop 1 floor!
   906 | D:2      | Found a shimmering altar of Xom.
  1069 | D:1      | Reached XP level 3. HP: 12/18 MP: 4/4
  1712 | D:2      | Reached skill level 7 in Stealth
  2023 | D:2      | Noticed Terence
  2064 | D:2      | Identified the +2 pair of gloves of Ethereal Happiness
                  | {Dex+6}
  2064 | D:2      | Killed Terence
  2065 | D:2      | Reached XP level 4. HP: 23/23 MP: 5/5
  3752 | D:4      | Found a sand-covered staircase.
  3753 | D:4      | Reached XP level 5. HP: 26/26 MP: 6/6
  3771 | Ossuary  | Entered an ossuary
  3937 | Ossuary  | Reached skill level 8 in Stealth
  4177 | Ossuary  | Reached skill level 9 in Stealth
  4177 | Ossuary  | Reached XP level 6. HP: 14/30 MP: 7/7
  4402 | Ossuary  | Reached XP level 7. HP: 19/35 MP: 8/8
  4559 | Ossuary  | Reached skill level 5 in Dodging
  5088 | Ossuary  | Reached skill level 10 in Stealth
  5109 | Ossuary  | Reached skill level 1 in Ranged Weapons
  6046 | D:4      | Reached XP level 8. HP: 38/40 MP: 9/9
  6396 | D:4      | Identified the ring "Deun" {Fly rC- Will++ MP+9 Stlth+}
  6472 | D:4      | Found an ornate altar of the Wu Jian Council.
  6692 | D:5      | Entered Level 5 of the Dungeon
  6699 | D:5      | Found a glowing drain.
  6718 | Sewer    | Entered a sewer
  6814 | Sewer    | Reached skill level 1 in Maces & Flails
  7250 | D:5      | Noticed Grinder
  7281 | D:5      | Killed Grinder
  7282 | D:5      | Reached skill level 11 in Stealth
  7585 | D:5      | Noticed Menkaure
  7589 | D:5      | Noticed Sigmund
  7590 | D:5      | Killed Menkaure
  7591 | D:5      | Reached skill level 5 in Short Blades
  7628 | D:5      | Killed Sigmund
  7722 | D:5      | Found a radiant altar of Vehumet.
  7748 | D:5      | Reached skill level 12 in Stealth
  8007 | D:5      | Reached XP level 9. HP: 44/44 MP: 10/10
  8015 | D:5      | Noticed Eustachio
  8020 | D:5      | Killed Eustachio
  8569 | D:6      | Reached skill level 13 in Stealth
  8815 | D:6      | Found a staircase to the Ecumenical Temple.
  8824 | Temple   | Entered the Ecumenical Temple
  8853 | Temple   | Became a worshipper of Gozag Ym Sagoz the Greedy
  8879 | D:6      | Found a stormy altar of Qazlal.
  8881 | D:6      | Found a hide-covered altar of Uskayaw.
  8948 | D:6      | Found a runed translucent gate.
  8949 | D:6      | Found a runed translucent gate.
  8950 | D:6      | Found a runed translucent gate.
  8950 | D:6      | Noticed lotum's ghost (novice GrFi)
  9052 | D:6      | Found a hazy altar of Hepliaklqana.
  9055 | D:6      | Found a shimmering blue altar of Sif Muna.
  9090 | D:6      | Learned a level 1 spell: Shock
  9156 | D:6      | Shot with a bolt by an orc warrior

Illustrated notes

Levels and vault maps discovered:
D:1:      tarquinn_simple_flora_water_a, layout_basic,
          shapermc_ecumenical_altar_mp_ritualfount, st_stairs_10,
          chequers_avenue, nicolae_grassy_gnolls
D:2:      layout_loops_corners, basic_altar, minmay_pentomino_p2, uniq_terence
D:3:      layout_loops_corners, guppyfry_early_orc_mine
D:4:      layout_rooms, nicolae_wu_jian_glorious_leap, enter_ossuary_3
D:5:      layout_basic, nicolae_vehumet_radiance, cheibrodos_sewer_entry_drain,
          uniq_sigmund, uniq_eustachio, uniq_grinder, uniq_menkaure
D:6:      layout_gridville, nicolae_overflow_hidden_temple,
          minmay_temple_entry_large_hall, ebering_ghost_rock_garden
Temple:   hellmonk_temple_two_chambers

Skill      XL: |  1  2  3  4  5  6  7  8  9 |
---------------+----------------------------+-----
Stealth        | 6 7 9 10 12 13 | 13.4
Dodging        | 2 3 4 6 8 |  8.9
Fighting       | 2 3 |  3.6
Short Blades   | 3 4 5 |  5.8
Ranged Weapons | 1 2 |  2.0
Throwing       | 3 |  3.7
Maces & Flails | 1 |  1.1
Conjurations   | |  0.3
Evocations     | |  0.8

Action                   |  1- 3 |  4- 6 |  7- 9 || total
-------------------------+-------+-------+-------++-------
Melee: Dagger            |    33 |       |       ||    33
       Short sword       |    50 |   155 |   336 ||   541
       Punch             |     1 |     6 |     1 ||     8
       Flail             |       |       |    38 ||    38
 Fire: Sling             |       |       |    39 ||    39
Throw: Dart              |    15 |     4 |    35 ||    54
  Use: Scroll            |       |     8 |    10 ||    18
       Potion            |       |       |     2 ||     2
 Stab: Sleeping          |    10 |    11 |    26 ||    47
Armor: Robe              |    10 |    31 |    32 ||    73
Dodge: Dodged            |    69 |   148 |   352 ||   569
